AoeStats
← Emnesty_x3

Arena

508953945Analyzed
4v4 RM · 9d ago on Sep 24, 2026· 39m 57s· 8 players
Game mode
Random Map
Map size
Large (8 player)
Population
200
Speed
Normal
Resources
Standard
Victory
Conquest
Starting age
Dark Age
Ending age
Imperial Age
RankedLock teamsTeams togetherTeam positionsShared explorationLock speedFull tech treeHidden civsTurbo modeCheats
Victory
Defeat
🇦🇷 Gurjaras · Argentina
1677
+11
🇨🇱 Saxons · Chile
1565
+15
🇦🇷 Persians · Argentina
1378
+23
🇦🇷 Vietnamese · Argentina
1349
+24
🇩🇪 Gurjaras · Germany
1631
-22
🇩🇪 Khmer · Germany
1528
-18
🇧🇷 Italians · Brazil
1504
-17
🇭🇰 Saracens · Hong Kong SAR China
1481
-16
DoubleZX
10:04 Feudal Age
13:46 Castle Age
11:33 Double-Bit Axe
15:06 Wheelbarrow
14:27 Horse Collar
14:58 Bow Saw
15:11 Heavy Plow
19:24 Gold Mining
21:45 Stone Mining
27:47 Imperial Age
25:05 Loom
25:49 Hand Cart
25:19 Town Watch
26:13 Stone Shaft Mining
26:48 Gold Shaft Mining
26:27 Forging
26:18 Scale Mail Armor
28:08 Scale Barding Armor
28:12 Kshatriyas
28:31 Bloodlines
29:33 Chemistry
28:44 Husbandry
29:04 Elite Shrivamsha Rider
30:06 Conscription
30:17 Chain Barding Armor
29:54 Light Cavalry
31:58 Plate Barding Armor
33:03 Frontier Guards
32:59 Heavy Camel Rider
34:31 Crop Rotation
duckdowN
10:12 Feudal Age
14:19 Castle Age
12:33 Double-Bit Axe
12:43 Horse Collar
13:08 Man-at-Arms
14:11 Scale Mail Armor
14:42 Long Swordsman
18:57 Chain Mail Armor
19:36 Forging
21:54 Squires
22:38 Iron Casting
21:50 Loom
24:06 Heavy Plow
24:18 Bow Saw
24:49 Wheelbarrow
28:46 Hand Cart
32:02 Imperial Age
29:44 Gold Mining
30:30 Fletching
30:40 Padded Archer Armor
31:13 Ballistics
32:08 Stone Mining
32:30 Town Watch
32:42 Bodkin Arrow
33:50 Chemistry
33:57 Bracer
34:05 Arson
35:00 Leather Archer Armor
35:35 Conscription
36:24 Hoardings
35:39 Elite Genoese Crossbowman
37:42 Ring Archer Armor
39:03 Two-Man Saw
39:26 Plate Mail Armor
The Crusades Crusader
1:05 Loom
9:42 Feudal Age
14:16 Castle Age
12:25 Double-Bit Axe
12:42 Horse Collar
16:20 Loom
22:31 Bow Saw
23:05 Heavy Plow
24:27 Wheelbarrow
23:45 Gold Mining
24:18 Stone Mining
25:26 Hand Cart
26:35 Town Watch
29:58 Imperial Age
30:56 Scale Barding Armor
31:21 Forging
31:28 Fortified Wall
31:22 Elite Mameluke
32:55 Conscription
32:57 Chain Barding Armor
33:39 Iron Casting
32:40 Pikeman
34:36 Plate Barding Armor
33:54 Man-at-Arms
34:38 Squires
35:39 Blast Furnace
34:50 Fletching
35:00 Scale Mail Armor
Emnesty_x3
10:14 Feudal Age
13:19 Castle Age
11:16 Double-Bit Axe
11:53 Horse Collar
14:28 Bow Saw
14:20 Heavy Plow
31:17 Imperial Age
29:33 Stone Mining
29:34 Gold Mining
31:15 Stone Shaft Mining
32:11 Husbandry
32:21 Bloodlines
32:43 Double Crossbow
33:09 Elite Ballista Elephant
34:34 Loom
35:29 Wheelbarrow
36:16 Chemistry
36:52 Siege Engineers
37:23 Conscription
Ritiskiti
10:35 Feudal Age
14:29 Castle Age
12:52 Double-Bit Axe
13:00 Horse Collar
15:49 Bow Saw
16:07 Heavy Plow
20:10 Wheelbarrow
22:15 Gold Mining
22:48 Stone Mining
28:45 Imperial Age
26:38 Padded Archer Armor
26:29 Fletching
26:36 Loom
27:39 Leather Archer Armor
28:04 Stone Shaft Mining
27:48 Bodkin Arrow
28:15 Ballistics
28:16 Treadmill Crane
28:46 Masonry
29:49 Bracer
30:51 Chemistry
30:47 Elite Rattan Archer
35:05 Thumb Ring
38:36 Heated Shot
38:51 Siege Engineers
38:57 Careening
38:57 Clinker Construction
39:15 Chatras
Danub
9:54 Feudal Age
11:35 Loom
14:28 Castle Age
13:09 Double-Bit Axe
21:56 Fletching
24:04 Bow Saw
23:43 Town Watch
24:23 Horse Collar
25:11 Gold Mining
28:09 Wheelbarrow
32:41 Imperial Age
31:34 Hand Cart
31:42 Scale Mail Armor
31:52 Forging
33:02 Chain Mail Armor
33:05 Stone Mining
33:50 Gold Shaft Mining
33:56 Conscription
34:40 Two-Man Saw
34:18 Iron Casting
35:00 Plate Mail Armor
34:49 Arson
35:05 Squires
34:50 Gambesons
35:04 Shield Wall
35:11 Man-at-Arms
35:17 Elite Varangian Guard
36:15 Heavy Plow
35:54 Long Swordsman
36:55 Bodkin Arrow
37:13 Town Patrol
36:42 Two-Handed Swordsman
37:44 Bracer
37:45 Champion
40:37 Chemistry
39:57 Ballistics
Molle
10:11 Feudal Age
11:31 Double-Bit Axe
14:26 Castle Age
12:21 Horse Collar
15:31 Bow Saw
21:09 Wheelbarrow
23:14 Hand Cart
22:57 Gold Mining
23:18 Loom
24:50 Town Watch
28:24 Imperial Age
26:35 Scale Barding Armor
26:40 Forging
26:22 Stone Mining
26:45 Heavy Plow
27:21 Gold Shaft Mining
28:06 Kshatriyas
28:59 Iron Casting
29:35 Chain Barding Armor
29:27 Bloodlines
29:17 Husbandry
28:38 Heavy Camel Rider
30:25 Stone Shaft Mining
31:10 Conscription
32:31 Plate Barding Armor
33:23 Hoardings
33:13 Scale Mail Armor
34:50 Frontier Guards
34:24 Elite Chakram Thrower
36:24 Chemistry
35:04 Treadmill Crane
35:34 Masonry
37:15 Fletching
37:41 Chain Mail Armor
37:45 Elite Shrivamsha Rider
Karlak
10:05 Feudal Age
13:49 Castle Age
11:52 Double-Bit Axe
11:50 Horse Collar
14:41 Bow Saw
17:32 Loom
21:17 Wheelbarrow
22:53 Heavy Plow
24:02 Bloodlines
24:29 Hand Cart
25:05 Forging
26:17 Scale Barding Armor
27:04 Husbandry
27:41 Iron Casting
30:09 Town Watch
33:47 Imperial Age
32:10 Gold Mining
32:11 Stone Mining
33:36 Chain Barding Armor
33:32 Cavalier
35:15 Blast Furnace
34:33 Elite Skirmisher
34:54 Savar
37:00 Plate Barding Armor
36:29 Padded Archer Armor
36:29 Fletching
36:03 Imperial Skirmisher
37:30 Gold Shaft Mining
37:21 Conscription
38:43 Ballistics
39:24 Chemistry
39:14 Thumb Ring
39:34 Bodkin Arrow
Connection lost

Rejoining the realm…

Still unreachable

The connection could not be restored.

Session expired

The server has moved on; the page needs a fresh start.